cohdb
Replays
Latest Replays
All Replays
Popular Replays
Top Player Replays
Match Explorer
How It Works
Community
CoH3 Stats
Reddit
Sign in to upload your games and track your stats! →
Sign in with Steam
Match 43829486
Unlisted
Match 43829486
Overview
Messages
Build Orders
End
Kradschützen Motorcycle Team
Selects Panzerjäger Kommand Battlegroup
Selects Mine Fields
Panzerpioneer Squad
Panzergrenadier Squad
250 Light Carrier
Panzergrenadier Squad
Construct Light Support Kompanie
Fire Support Elements
Flakvierling Half-track
Selects Defensive Positions
Selects Tank Busters
Vehicle Survival Package
Panzerjäger Mechanized Group
Construct Mechanized Kompanie
StuG III D Assault Gun
Selects Defensive Positions
Selects Crew Shock Tactics
Assault Grenadier Squad
StuG III D Assault Gun
Emergency Repair Kits
Selects Butterfly Bomb Drop
Theodosios
Barbarossa
0
0
Comments
sign in to comment!
No comments posted yet!